[ AOE2 MATCH · #478773077 ]
UnrankedArmenians vs Teutons
Player's team · LOSS
Rival team · WIN
[ REPLAY ANALYSIS · EXTRACTED FROM THE RECORDED GAME ]
Feudal
9:06
Castle
22:31
Imperial
—
| APM avg | 46.4 |
| APM peak | 74 |
| eAPM avg | 18.8 |
| Villagers / military | 44 / 21 |
Focus
⚔️ 41.4% · 🌾 58.6%
Archer ×7 · Skirmisher ×6 · Warrior Priest ×4 · Militia ×3 · Monk ×1
Feudal
8:50
Castle
20:53
Imperial
—
| APM avg | 90.1 |
| APM peak | 140 |
| eAPM avg | 35.4 |
| Villagers / military | 73 / 27 |
Focus
⚔️ 34.6% · 🌾 65.4%
Archer ×22 · Militia ×5
Match map
Initial resources + every placement click. Lines = walls · curves = elevation contours. ◆ gold · ⬟ stone · ● berries · ✦ relic · ◌ wall gap
Your base· Open — opponent sealed themselves in
WINDOWS2008's base· ✓ Closed at 20:53 · 41t walls · no gate
Smoothed initial terrain · ◌ = detected wall gap · hover for details
Inputs per minute
— Colem - - WINDOWS2008
Build order — Colem
114 actions detected in the replay
| 0:01 | Create | Villager (Male) |
| 0:01 | Create | Villager (Male) |
| 0:02 | Build | House |
| 0:03 | Build | House |
| 0:09 | Create | Villager (Male) |
| 0:09 | Create | Villager (Male) |
| 0:10 | Create | Villager (Male) |
| 1:27 | Create | Villager (Male) |
| 1:28 | Create | Villager (Male) |
| 1:54 | Create | Villager (Male) |
| 2:00 | Build | Mule Cart |
| 2:22 | Create | Villager (Male) |
| 2:51 | Create | Villager (Male) |
| 3:14 | Create | Villager (Male) |
| 3:35 | Build | House |
| 3:40 | Create | Villager (Male) |
| 4:03 | Build | Mill |
| 4:05 | Create | Villager (Male) |
| 4:30 | Create | Villager (Male) |
| 4:53 | Create | Villager (Male) |
| 5:20 | Create | Villager (Male) |
| 5:31 | Create | Villager (Male) |
| 6:14 | Research | Loom |
| 6:38 | Build | Barracks |
| 6:56 | Research | Feudal Age |
| 7:36 | Create | Militia |
| 7:39 | Build | House |
| 8:00 | Create | Militia |
| 8:07 | Build | Mule Cart |
| 8:28 | Create | Militia |
| 8:40 | Build | House |
| 8:45 | Build | Palisade Wall |
| 8:57 | Create | Villager (Male) |
| 9:06 | Age | Feudal Age |
| 9:17 | Research | Man-at-Arms (upgrade) |
| 9:21 | Research | Double-Bit Axe |
| 9:37 | Create | Villager (Male) |
| 9:54 | Create | Villager (Male) |
| 10:36 | Create | Villager (Male) |
| 10:38 | Build | Archery Range |
| 11:30 | Create | Archer |
| 11:33 | Create | Villager (Male) |
| 11:37 | Build | House |
| 11:50 | Create | Villager (Male) |
| 11:54 | Build | House |
| 12:01 | Create | Skirmisher |
| 12:13 | Research | Horse Collar |
| 12:19 | Build | House |
| 12:22 | Build | Farm |
| 12:23 | Build | Farm |
| 12:25 | Build | Farm |
| 12:27 | Create | Villager (Male) |
| 12:34 | Create | Skirmisher |
| 12:37 | Create | Archer |
| 12:41 | Build | House |
| 12:45 | Create | Villager (Male) |
| 12:55 | Build | Farm |
| 13:01 | Build | Palisade Wall |
| 13:13 | Build | Palisade Wall |
| 13:14 | Create | Villager (Male) |
| 13:18 | Build | Palisade Wall |
| 13:24 | Build | Farm |
| 13:32 | Create | Archer |
| 13:34 | Create | Villager (Male) |
| 13:46 | Build | Farm |
| 13:51 | Create | Archer |
| 13:53 | Create | Villager (Male) |
| 14:06 | Build | Farm |
| 14:18 | Build | Farm |
| 14:36 | Build | Watch Tower |
| 14:39 | Create | Villager (Male) |
| 14:40 | Create | Skirmisher |
| 14:56 | Create | Villager (Male) |
| 15:32 | Create | Villager (Male) |
| 15:36 | Create | Skirmisher |
| 15:49 | Build | Blacksmith |
| 16:05 | Create | Villager (Male) |
| 16:30 | Create | Skirmisher |
| 16:31 | Create | Villager (Male) |
| 16:38 | Build | Farm |
| 16:50 | Research | Fletching |
| 16:56 | Create | Skirmisher |
| 17:09 | Create | Villager (Male) |
| 17:20 | Create | Villager (Male) |
| 17:31 | Create | Archer |
| 17:39 | Build | Farm |
| 17:42 | Build | Farm |
| 17:45 | Create | Villager (Male) |
| 17:50 | Build | Farm |
| 17:56 | Create | Archer |
| 18:01 | Create | Villager (Male) |
| 18:04 | Build | Farm |
| 18:07 | Build | House |
| 18:11 | Build | Palisade Wall |
| 18:19 | Create | Villager (Male) |
| 18:47 | Create | Villager (Male) |
| 19:39 | Build | Mule Cart |
| 19:51 | Research | Castle Age |
| 19:55 | Create | Archer |
| 20:10 | Build | Mule Cart |
| 20:46 | Research | Padded Archer Armor |
| 21:55 | Create | Villager (Male) |
| 22:31 | Age | Castle Age |
| 22:34 | Build | Monastery |
| 22:38 | Research | Bodkin Arrow |
| 22:53 | Create | Monk |
| 22:56 | Create | Warrior Priest |
| 22:57 | Create | Warrior Priest |
| 23:10 | Create | Villager (Male) |
| 23:27 | Create | Villager (Male) |
| 23:58 | Create | Villager (Male) |
| 24:10 | Create | Warrior Priest |
| 24:10 | Create | Warrior Priest |
| 24:16 | Create | Villager (Male) |
Build order — WINDOWS2008
First 150 of 187 actions detected
| 0:00 | Create | Villager (Male) |
| 0:00 | Create | Villager (Male) |
| 0:01 | Create | Villager (Male) |
| 0:02 | Build | House |
| 0:02 | Build | House |
| 0:08 | Create | Villager (Male) |
| 0:08 | Create | Villager (Male) |
| 1:24 | Create | Villager (Male) |
| 1:52 | Create | Villager (Male) |
| 1:53 | Create | Villager (Male) |
| 2:05 | Build | Lumber Camp |
| 2:23 | Create | Villager (Male) |
| 2:23 | Create | Villager (Male) |
| 2:51 | Create | Villager (Male) |
| 2:55 | Create | Villager (Male) |
| 2:56 | Create | Villager (Male) |
| 3:40 | Create | Villager (Male) |
| 3:40 | Create | Villager (Male) |
| 3:59 | Create | Villager (Male) |
| 4:00 | Create | Villager (Male) |
| 4:04 | Build | House |
| 4:32 | Create | Villager (Male) |
| 4:33 | Create | Villager (Male) |
| 4:36 | Create | Villager (Male) |
| 4:37 | Create | Villager (Male) |
| 4:37 | Create | Villager (Male) |
| 5:07 | Create | Villager (Male) |
| 5:19 | Create | Villager (Male) |
| 5:32 | Build | Barracks |
| 5:56 | Create | Villager (Male) |
| 6:08 | Research | Loom |
| 6:30 | Build | House |
| 6:34 | Research | Feudal Age |
| 7:05 | Create | Militia |
| 7:06 | Create | Militia |
| 7:06 | Create | Militia |
| 7:06 | Create | Militia |
| 7:23 | Build | Mining Camp |
| 7:46 | Create | Militia |
| 7:57 | Build | House |
| 8:06 | Build | House |
| 8:33 | Build | Palisade Wall |
| 8:50 | Age | Feudal Age |
| 8:53 | Research | Man-at-Arms (upgrade) |
| 8:57 | Create | Villager (Male) |
| 8:59 | Build | Archery Range |
| 9:05 | Build | House |
| 9:06 | Build | Palisade Wall |
| 9:18 | Create | Villager (Male) |
| 9:39 | Create | Villager (Male) |
| 9:41 | Build | House |
| 10:01 | Create | Archer |
| 10:06 | Build | Mill |
| 10:26 | Create | Villager (Male) |
| 10:35 | Create | Archer |
| 10:38 | Create | Villager (Male) |
| 10:41 | Build | House |
| 11:00 | Create | Villager (Male) |
| 11:04 | Create | Archer |
| 11:07 | Build | House |
| 11:09 | Build | Palisade Wall |
| 11:13 | Build | Farm |
| 11:15 | Build | Farm |
| 11:25 | Create | Archer |
| 11:25 | Create | Villager (Male) |
| 11:27 | Build | Farm |
| 11:38 | Research | Double-Bit Axe |
| 11:48 | Build | House |
| 11:50 | Create | Villager (Male) |
| 11:50 | Create | Villager (Male) |
| 12:02 | Create | Villager (Male) |
| 12:15 | Create | Archer |
| 12:34 | Build | Palisade Wall |
| 12:38 | Create | Villager (Male) |
| 12:46 | Build | Blacksmith |
| 12:51 | Create | Archer |
| 12:58 | Create | Villager (Male) |
| 13:06 | Build | Farm |
| 13:13 | Build | House |
| 13:21 | Create | Villager (Male) |
| 13:24 | Build | House |
| 13:29 | Build | Farm |
| 13:35 | Build | Farm |
| 13:39 | Build | Farm |
| 13:43 | Build | Palisade Wall |
| 13:46 | Research | Fletching |
| 13:47 | Create | Archer |
| 13:52 | Build | Palisade Wall |
| 13:55 | Build | Palisade Wall |
| 13:56 | Build | Palisade Wall |
| 14:02 | Create | Villager (Male) |
| 14:05 | Build | Palisade Wall |
| 14:11 | Create | Villager (Male) |
| 14:14 | Build | Farm |
| 14:23 | Create | Villager (Male) |
| 14:33 | Build | Farm |
| 14:40 | Build | Farm |
| 14:43 | Build | Farm |
| 14:51 | Create | Villager (Male) |
| 14:53 | Build | Farm |
| 15:08 | Create | Archer |
| 15:12 | Build | Farm |
| 15:19 | Create | Villager (Male) |
| 15:21 | Build | Farm |
| 15:25 | Create | Archer |
| 15:49 | Create | Villager (Male) |
| 15:57 | Create | Villager (Male) |
| 15:59 | Build | Farm |
| 16:00 | Build | Farm |
| 16:13 | Create | Villager (Male) |
| 16:24 | Research | Wheelbarrow |
| 16:26 | Create | Archer |
| 16:59 | Build | Archery Range |
| 17:14 | Create | Archer |
| 17:46 | Create | Villager (Male) |
| 17:59 | Build | Lumber Camp |
| 18:11 | Research | Castle Age |
| 18:31 | Research | Gold Mining |
| 18:52 | Create | Archer |
| 18:52 | Create | Archer |
| 18:58 | Research | Horse Collar |
| 19:03 | Create | Archer |
| 19:25 | Create | Archer |
| 19:29 | Build | House |
| 19:47 | Create | Archer |
| 20:01 | Build | Palisade Wall |
| 20:09 | Create | Villager (Male) |
| 20:10 | Build | Farm |
| 20:18 | Research | Town Watch |
| 20:25 | Create | Archer |
| 20:26 | Create | Archer |
| 20:53 | Age | Castle Age |
| 20:53 | Research | Bodkin Arrow |
| 20:54 | Research | Bodkin Arrow |
| 20:54 | Research | Crossbowman (upgrade) |
| 20:59 | Research | Crossbowman (upgrade) |
| 20:59 | Research | Crossbowman (upgrade) |
| 21:00 | Research | Bow Saw |
| 21:00 | Research | Bow Saw |
| 21:01 | Create | Villager (Male) |
| 21:04 | Build | Town Center |
| 21:08 | Create | Villager (Male) |
| 21:15 | Build | Siege Workshop |
| 21:19 | Create | Villager (Male) |
| 21:31 | Build | Town Center |
| 21:39 | Build | Town Center |
| 21:42 | Create | Villager (Male) |
| 22:00 | Create | Archer |
| 22:00 | Create | Archer |
| 22:01 | Create | Villager (Male) |
Match timeline
| 5:32 | WINDOWS2008 · first_building Barracks |
| 6:38 | Colem · first_building Barracks |
| 8:33 | WINDOWS2008 · wall_segment Palisade Wall x1 |
| 8:45 | Colem · wall_segment Palisade Wall x1 |
| 8:50 | WINDOWS2008 · age_up feudal |
| 8:59 | WINDOWS2008 · first_building Archery Range |
| 9:06 | Colem · age_up feudal |
| 9:06 | WINDOWS2008 · wall_segment Palisade Wall x1 |
| 10:38 | Colem · first_building Archery Range |
| 11:09 | WINDOWS2008 · wall_segment Palisade Wall x4 |
| 12:34 | WINDOWS2008 · wall_segment Palisade Wall x7 |
| 13:01 | Colem · wall_segment Palisade Wall x12 |
| 13:13 | Colem · wall_segment Palisade Wall x13 |
| 13:18 | Colem · wall_segment Palisade Wall x1 |
| 13:43 | WINDOWS2008 · wall_segment Palisade Wall x11 |
| 13:52 | WINDOWS2008 · wall_segment Palisade Wall x11 |
| 13:55 | WINDOWS2008 · wall_segment Palisade Wall x2 |
| 13:56 | WINDOWS2008 · wall_segment Palisade Wall x5 |
| 14:05 | WINDOWS2008 · wall_segment Palisade Wall x1 |
| 18:11 | Colem · wall_segment Palisade Wall x2 |
| 20:01 | WINDOWS2008 · wall_segment Palisade Wall x1 |
| 20:53 | WINDOWS2008 · age_up castle |
| 21:15 | WINDOWS2008 · first_building Siege Workshop |
| 22:31 | Colem · age_up castle |
| 22:34 | Colem · first_building Monastery |
| 24:55 | Colem · resign |
[ AI ANALYSIS · 1 CREDIT ]
What really happened in this match?
Wolo.gg analyzes every decision: build order, eco, micro, common mistakes by bracket. Personalized analysis on WhatsApp or Discord in 30 seconds.
Civ guide
Armenians
Perfil
Jugador #1399027